Map: Disco Bloodbath LE

Players

tGG

  • Race: Protoss Protoss
  • Spawn Location: 3:00

AiLillekanin (Lillekanin) - Winner!

  • Race: Terran Terran
  • League: Master
  • Spawn Location: 9:00

Event: NationWars 2019

VOD

Have the link to the VOD?

Description

Time

  • Played on: Sept. 30, 2019, 2:51 p.m.
  • Length: 27:15
Show
View Real Time Build Order
Export as new Build Order

tGG Protoss 

Build Orders: Oracle Opening, Phoenix Opening 

Get SALT Encoding   

  12  0:02  Probe  
  13  0:14  Probe  
  14  0:17  Pylon  
  14  0:26  Probe  
  15  0:35  Gateway  
  15  0:39  Probe (Chrono Boost)  
  16  0:48  Probe (Chrono Boost)  
  17  0:52  Assimilator  
  17  0:53  Probe  
  18  1:07  Probe  
  18  1:09  Pylon  
  19  1:19  Probe  
  19  1:24  Cybernetics Core  
  20  1:28  Gateway  
  20  1:31  Probe  
  21  1:35  Assimilator  
  21  1:45  Pylon, Probe  
  22  2:10  Adept  
  23  2:16  Probe  
  24  2:26  Stargate  
  24  2:33  Nexus  
  24  2:40  Adept  
  24  2:43  Probe  
  27  2:47  Warp Gate  
  27  2:56  Probe  
  28  3:08  Probe  
  29  3:13  Oracle (Chrono Boost)  
  32  3:20  Probe  
  32  3:25  Gateway  
  33  3:32  Probe  
  34  3:44  Probe  
  34  3:45  Phoenix (Chrono Boost)  
  37  3:50  Probe  
  38  3:56  Probe  
  38  3:59  Pylon  
  38  4:01  Phoenix (Chrono Boost)  
  39  4:06  Probe  
  42  4:14  Probe  
  43  4:18  Probe  
  43  4:23  Phoenix (Chrono Boost)  
  46  4:35  Stalker  
  46  4:36  Stalker x2  
  46  4:37  Probe x2  
  54  4:43  Phoenix (Chrono Boost)  
  56  4:49  Probe x2  
  58  4:57  Pylon  
  58  5:01  Probe  
  58  5:06  Phoenix (Chrono Boost)  
  61  5:16  Pylon  
  61  5:17  Assimilator  
  61  5:22  Assimilator  
  61  5:24  Stalker x2  
  65  5:38  Phoenix (Chrono Boost)  
  65  5:48  Adept x2  
  69  5:52  Nexus, Probe x2  
  69  5:53  Pylon  
  71  6:00  Phoenix  
  71  6:04  Probe x2 (Chrono Boost)  
  74  6:14  Probe (Chrono Boost)  
  74  6:16  Probe (Chrono Boost)  
  75  6:19  Probe (Chrono Boost)  
  75  6:23  Probe  
  77  6:27  Phoenix (Chrono Boost)  
  77  6:30  Stalker x2, Probe  
  84  6:36  Probe, Robotics Facility  
  85  6:41  Pylon  
  85  6:42  Probe  
  86  6:59  Phoenix  
  86  7:00  Pylon  
  88  7:02  Pylon  
  88  7:18  Gateway  
  88  7:19  Probe  
  88  7:20  Probe, Gateway  
  88  7:25  Forge  
  88  7:28  Forge  
  88  7:31  Pylon, Observer  
  88  7:33  Probe  
  88  7:34  Probe x2  
  89  7:45  Assimilator  
  89  7:46  Probe x3  
  89  7:49  Assimilator  
  92  7:52  Twilight Council  
  92  7:58  Nexus, Probe x3  
  95  8:02  Sentry x2  
  95  8:05  Protoss Ground Weapons Level 1 (Chrono Boost), Protoss Ground Armor Level 1 (Chrono Boost)  
  99  8:06  Observer  
  99  8:10  Probe x2  
  102  8:16  Probe  
  102  8:18  Robotics Bay  
  103  8:22  Probe  
  103  8:24  Stalker x2  
  93  8:37  Probe x3  
  95  8:43  Blink (Chrono Boost)  
  95  8:49  Probe x3  
  98  9:01  Probe x3  
  101  9:10  Stalker  
  101  9:12  Stalker x2  
  101  9:13  Stalker, Probe x3  
  101  9:15  Probe  
  112  9:25  Probe x3  
  112  9:27  Probe  
  112  9:30  Disruptor  
  118  9:37  Probe x3  
  119  9:54  Protoss Ground Weapons Level 2 (Chrono Boost)  
  119  9:55  Protoss Ground Armor Level 2 (Chrono Boost)  
  119  9:56  Stalker x2  
  119  9:57  Stalker x3  
  129  10:03  Probe x2  
  129  10:04  Probe  
  129  10:05  Disruptor (Chrono Boost)  
  128  10:21  Stalker, Photon Cannon  
  128  10:22  Stalker x2  
  128  10:24  Photon Cannon  
  134  10:32  Pylon  
  134  10:42  Disruptor (Chrono Boost)  
  134  10:44  Probe x3  
  134  10:47  Probe  
  133  10:59  Probe x2 (Chrono Boost)  
  133  11:01  Probe (Chrono Boost)  
  135  11:06  Probe (Chrono Boost)  
  137  11:12  Probe x2 (Chrono Boost)  
  137  11:14  Probe (Chrono Boost)  
  133  11:25  Probe x3  
  126  11:29  Stalker x5  
  138  11:34  Gateway  
  138  11:35  Gateway  
  138  11:38  Probe x4, Photon Cannon  
  142  11:41  Disruptor (Chrono Boost)  
  142  11:42  Photon Cannon  
  142  11:43  Pylon  
  142  11:45  Pylon x2  
  145  11:50  Probe  
  146  11:57  Stalker x4  
  142  12:11  Probe x3  
  142  12:13  Probe  
  136  12:23  Adept, Probe x3  
  136  12:25  Stalker x2  
  136  12:26  Probe (Chrono Boost)  
  145  12:31  Templar Archives  
  145  12:36  Probe (Chrono Boost)  
  148  12:38  Probe (Chrono Boost)  
  148  12:40  Probe (Chrono Boost)  
  148  12:41  Probe (Chrono Boost)  
  148  12:44  Protoss Ground Weapons Level 3 (Chrono Boost), Protoss Ground Armor Level 3 (Chrono Boost)  
  149  12:46  Probe (Chrono Boost)  
  149  12:49  Probe (Chrono Boost)  
  151  12:52  Observer  
  131  13:28  Stalker x5  
  139  13:40  Observer, Probe x3  
  142  13:47  Robotics Facility  
  142  13:48  Robotics Facility  
  142  13:49  Probe  
  142  13:50  Robotics Facility  
  142  13:52  Probe x3  
  144  13:59  Stalker x3  
  144  14:01  Probe  
  150  14:10  Stalker  
  150  14:14  Probe x4  
  156  14:21  Stalker  
  157  14:26  Probe x4  
  157  14:27  Gateway  
  157  14:29  Gateway  
  161  14:32  Gateway  
  161  14:34  Gateway  
  161  14:37  Gateway  
  161  14:38  Probe x2  
  161  14:42  Pylon, Photon Cannon, Stalker  
  161  14:43  Stalker x3  
  163  14:49  Warp Prism  
  157  15:12  Stalker x5  
  166  15:18  Probe x3  
  169  15:23  Assimilator  
  169  15:24  Assimilator  
  169  15:28  Protoss Shields Level 1 (Chrono Boost)  
  169  15:34  Nexus  
  169  15:35  Psionic Storm  
  169  15:37  Pylon  
  169  15:42  High Templar  
  165  15:43  High Templar x4  
  165  15:47  Immortal x2  
  181  15:54  Assimilator  
  181  15:58  Assimilator  
  181  16:01  Pylon  
  179  16:08  Oracle  
  182  16:26  Archon x2, Warp Prism  
  182  16:27  High Templar  
  182  16:29  Stalker x4, Nexus  
  182  16:31  Pylon  
  182  16:32  Archon  
  193  16:55  Stalker x3  
  193  16:57  Stalker x2  
  200  17:19  Photon Cannon  
  200  17:21  Pylon  
  200  17:22  Shield Battery  
  200  17:28  Charge (Chrono Boost)  
  200  17:35  Dark Shrine  
  200  17:36  Pylon  
  200  17:47  Photon Cannon  
  200  17:48  Photon Cannon  
  200  17:49  Photon Cannon  
  200  17:53  Shield Battery  
  200  17:55  Photon Cannon  
  200  18:01  Pylon  
  195  18:37  Photon Cannon  
  194  18:42  Stalker x2  
  198  18:52  Assimilator  
  194  18:57  Assimilator  
  194  18:59  Photon Cannon  
  194  19:01  Photon Cannon  
  194  19:04  Photon Cannon  
  194  19:06  Shield Battery  
  194  19:09  Gateway  
  194  19:11  Gateway  
  194  19:12  Gateway  
  194  19:15  Gateway  
  194  19:16  Gateway  
  192  19:18  Gateway  
  192  19:19  Nexus  
  192  19:21  Pylon  
  172  19:57  Stalker  
  172  19:58  Stalker x10  
  172  19:59  Stalker  
  120  20:34  Stalker x5  
  120  20:35  Stalker x6  
  138  20:37  Probe x3  
  141  20:43  Protoss Shields Level 2 (Chrono Boost)  
  141  20:45  Probe  
  141  20:46  Probe  
  141  20:49  Probe  
  144  20:55  Stargate x2  
  144  21:00  Stargate, Protoss Air Weapons Level 1  
  144  21:02  Pylon  
  140  21:07  Zealot  
  140  21:08  Zealot x10  
  140  21:09  Fleet Beacon  
  162  21:27  Stalker x3  
  162  21:28  Stalker x7  
  162  21:29  Stalker x2  
  186  21:36  Stalker x2  
  190  21:46  Oracle  
  190  21:58  Stalker x5  
  190  21:59  Stalker  
  191  22:11  Stalker x3  
  197  22:22  Probe x3  
  200  22:27  Pylon  
  200  22:29  Assimilator  
  200  22:33  Assimilator  
  152  22:51  Stalker x3  
  143  22:52  Stalker x4  
  153  23:07  Probe  
  153  23:08  Probe x2  
  153  23:09  Probe  
  153  23:10  Probe  
  156  23:19  Probe  
  151  23:22  Probe  
  114  23:31  Probe  
  85  23:38  High Templar  
  85  23:39  High Templar x10  
  99  23:44  Archon x4  
  99  23:45  Archon  
  99  23:46  High Templar  
  99  23:47  Observer  
  99  23:51  Archon  
  99  23:54  Assimilator  
  99  23:59  Probe (Chrono Boost)  
  101  24:03  Probe (Chrono Boost)  
  101  24:05  Stalker, Observer  
  101  24:06  Stalker x4  
  101  24:09  Probe (Chrono Boost)  
  112  24:10  Observer  
  112  24:11  Probe (Chrono Boost)  
  114  24:21  Stalker x2  
  114  24:22  Stalker x4  
  126  24:31  Stalker x3  
  127  24:34  Stalker  
  129  24:45  Stalker x4  
  115  25:19  Stalker x6  
  117  25:24  Stalker x3  
  111  25:33  Stalker x2  
  111  25:34  Probe  
  101  25:53  Stalker x3  
  102  25:59  Probe x2 (Chrono Boost)  
  102  26:00  Probe (Chrono Boost)  
  102  26:02  Probe (Chrono Boost)  
  99  26:11  Observer  
  99  26:23  Probe (Chrono Boost)  
  104  26:27  Probe x3 (Chrono Boost)  
  104  26:28  Stalker x2, Probe (Chrono Boost)  
  104  26:29  Stalker  
  109  26:43  Stalker x3  
Show
View Real Time Build Order
Export as new Build Order

AiLillekanin Terran - Winner!

Build Orders: Mech 

Get SALT Encoding   

  12  0:00  SCV  
  13  0:13  SCV  
  14  0:17  Supply Depot  
  14  0:25  SCV  
  15  0:28  Refinery  
  15  0:39  SCV  
  16  0:44  Barracks  
  16  0:51  SCV  
  16  0:55  Refinery  
  17  1:03  SCV  
  18  1:15  SCV  
  19  1:31  Reaper  
  19  1:32  Orbital Command  
  20  1:38  Factory  
  20  1:48  Supply Depot  
  20  1:58  SCV  
  21  2:05  Barracks Reactor  
  21  2:10  SCV  
  22  2:20  Engineering Bay  
  23  2:22  SCV  
  23  2:34  Bunker  
  24  2:37  SCV  
  24  2:41  Marine x2  
  26  2:55  SCV  
  27  2:59  Marine x2  
  29  3:07  SCV  
  30  3:13  Supply Depot  
  30  3:18  Factory Tech Lab  
  30  3:19  Starport  
  30  3:23  SCV  
  31  3:35  SCV  
  31  3:38  Cyclone  
  34  3:48  Command Center  
  34  3:50  SCV  
  35  3:57  Starport Tech Lab  
  35  3:59  Marine  
  35  4:00  Marine  
  37  4:03  SCV  
  38  4:10  Supply Depot  
  38  4:15  SCV  
  38  4:16  Cloaking Field  
  39  4:18  Engineering Bay  
  39  4:31  Banshee  
  39  4:32  Cyclone  
  39  4:35  Marine x2  
  47  4:44  Supply Depot  
  47  4:49  Missile Turret  
  47  4:59  SCV, Marine x2  
  48  5:01  Orbital Command  
  50  5:07  Siege Tank  
  53  5:14  Banshee  
  56  5:23  Orbital Command, SCV  
  57  5:32  Marine x2  
  59  5:38  Missile Turret  
  59  5:43  SCV  
  59  5:44  Missile Turret  
  59  5:48  SCV  
  59  5:49  Factory, Marine  
  61  5:54  Bunker  
  61  5:55  SCV  
  63  6:00  SCV  
  63  6:01  Banshee  
  63  6:04  Supply Depot  
  67  6:14  Hyperflight Rotors  
  67  6:16  Siege Tank  
  70  6:19  SCV  
  70  6:23  SCV  
  66  6:25  Missile Turret  
  66  6:28  Missile Turret  
  66  6:31  SCV  
  67  6:34  Supply Depot  
  67  6:35  Missile Turret  
  67  6:37  SCV  
  68  6:44  SCV  
  69  6:48  Refinery  
  69  6:50  Refinery  
  69  6:52  Hellion x2  
  73  6:59  SCV  
  73  7:00  Armory  
  74  7:06  Supply Depot  
  74  7:12  SCV  
  74  7:13  SCV  
  74  7:15  Command Center  
  76  7:20  Hellion x2  
  80  7:25  Banshee  
  80  7:28  SCV  
  80  7:29  SCV  
  85  7:40  Factory  
  85  7:41  SCV  
  83  7:44  SCV  
  83  7:46  Factory  
  83  7:48  Hellion  
  86  7:58  Terran Vehicle Weapons Level 1  
  86  8:01  Armory  
  86  8:03  SCV x2  
  86  8:05  Infernal Pre-Igniter  
  88  8:07  Raven  
  88  8:10  Supply Depot  
  90  8:15  SCV x2  
  90  8:18  Supply Depot  
  92  8:26  Siege Tank  
  95  8:27  SCV x2  
  95  8:36  Factory Tech Lab  
  95  8:37  Factory Tech Lab  
  95  8:39  SCV, Hellion  
  92  8:45  SCV  
  92  8:48  Missile Turret  
  93  8:53  Banshee  
  96  8:57  Siege Tank  
  96  8:59  Siege Tank  
  102  9:13  Terran Vehicle And Ship Armor Level 1  
  102  9:16  Siege Tank  
  105  9:17  Hellion  
  105  9:19  SCV  
  105  9:22  SCV  
  109  9:31  Siege Tank  
  112  9:34  Missile Turret  
  112  9:35  Command Center  
  112  9:37  Hellion x2  
  116  9:39  Hellion  
  116  9:44  Planetary Fortress  
  116  9:53  Siege Tank  
  116  9:56  SCV  
  116  9:58  Hellion x6  
  121  10:00  Hellion  
  121  10:06  Refinery  
  123  10:11  Refinery  
  123  10:15  Terran Vehicle Weapons Level 2  
  123  10:16  Sensor Tower  
  123  10:18  Hellion  
  125  10:26  Supply Depot, Smart Servos  
  125  10:27  Supply Depot, Hellion  
  124  10:33  SCV  
  125  10:37  Supply Depot  
  125  10:46  Starport  
  125  10:47  SCV, Hellion  
  125  10:49  Hellion x2  
  132  10:50  Fusion Core  
  128  10:59  Thor  
  126  11:04  Hellion  
  126  11:05  SCV  
  126  11:06  SCV  
  126  11:09  Hellion  
  126  11:10  Hellion x2  
  126  11:11  Missile Turret  
  134  11:17  SCV  
  135  11:25  Thor, Missile Turret  
  134  11:27  SCV  
  134  11:29  SCV  
  134  11:30  Hellbat  
  134  11:31  Hellion  
  134  11:32  Starport Tech Lab, Hellion  
  148  11:38  Terran Vehicle And Ship Armor Level 2  
  148  11:43  SCV x2, Hellion  
  148  11:44  Supply Depot  
  148  11:47  Supply Depot  
  152  11:56  Battlecruiser  
  158  12:04  Siege Tank  
  158  12:08  Siege Tank  
  158  12:15  Siege Tank  
  151  12:28  Supply Depot, Hellion  
  151  12:29  Hellion  
  153  12:30  Planetary Fortress  
  155  12:37  Hellion  
  155  12:40  Missile Turret, Hellion  
  155  12:42  Raven, Missile Turret  
  155  12:43  Missile Turret  
  159  12:49  Drilling Claws  
  159  12:57  Missile Turret  
  159  12:58  Missile Turret  
  158  13:10  Command Center  
  150  13:23  Battlecruiser  
  150  13:27  Weapon Refit  
  151  13:28  Hellion  
  153  13:35  Widow Mine x2  
  151  13:41  Hellion  
  153  13:55  Battlecruiser  
  159  14:06  Hellion x2  
  163  14:13  Supply Depot  
  163  14:21  Terran Vehicle Weapons Level 3  
  163  14:37  Battlecruiser  
  163  14:58  Planetary Fortress  
  163  14:59  Raven  
  162  15:03  SCV  
  162  15:04  SCV  
  164  15:09  Terran Vehicle And Ship Armor Level 3  
  164  15:15  SCV  
  164  15:17  SCV  
  166  15:27  SCV  
  165  15:29  Missile Turret  
  165  15:30  Missile Turret  
  165  15:34  SCV  
  165  15:35  SCV  
  167  15:39  SCV  
  164  15:43  Siege Tank x2, Hellion x2  
  164  15:44  Missile Turret, Hellion  
  164  15:47  SCV x2  
  164  15:49  Missile Turret  
  178  15:52  SCV  
  178  15:53  Missile Turret  
  178  15:56  Refinery  
  179  16:04  Battlecruiser  
  185  16:05  Hellion  
  185  16:09  Missile Turret  
  187  16:16  Sensor Tower  
  187  16:17  Refinery  
  187  16:29  Command Center  
  187  16:44  Supply Depot  
  187  16:45  Mag-Field Accelerator, Supply Depot  
  187  16:50  Missile Turret  
  187  17:01  Terran Ship Weapons Level 1  
  187  17:05  Battlecruiser  
  187  17:06  Siege Tank  
  187  17:07  Siege Tank  
  191  17:12  Missile Turret  
  191  17:14  Missile Turret  
  191  17:17  Missile Turret  
  191  17:18  Command Center  
  191  17:39  Battlecruiser  
  191  17:40  Starport  
  191  17:42  Orbital Command  
  197  17:53  Command Center  
  197  17:54  Hellion x3  
  197  17:55  Hellion  
  197  17:57  Advanced Ballistics  
  197  18:01  Cyclone  
  200  18:13  Supply Depot  
  196  18:52  Battlecruiser  
  198  18:59  Terran Ship Weapons Level 2  
  198  19:07  Neosteel Armor  
  190  20:00  Battlecruiser  
  177  20:31  Thor x2  
  177  20:33  Planetary Fortress  
  189  20:38  Orbital Command  
  189  20:39  Missile Turret x2  
  189  20:40  Battlecruiser  
  195  20:45  Supply Depot  
  195  20:47  Hi-Sec Auto Tracking  
  195  20:50  Missile Turret  
  195  20:58  Missile Turret  
  195  21:01  Missile Turret  
  187  21:04  Missile Turret  
  187  21:10  Missile Turret  
  188  21:18  SCV x2  
  189  21:26  Missile Turret  
  189  21:31  Battlecruiser  
  195  21:33  Starport Tech Lab  
  195  21:38  Refinery x2  
  195  21:52  Missile Turret  
  195  21:53  Missile Turret  
  195  22:12  Corvid Reactor  
  195  22:13  Terran Ship Weapons Level 3  
  195  22:23  Command Center  
  195  22:28  Command Center  
  176  22:56  Battlecruiser x3  
  193  22:59  Command Center  
  193  23:11  Cyclone x2  
  175  23:29  Hellion x3  
  168  23:43  Thor  
  168  23:44  Hellion  
  168  23:47  Orbital Command  
  176  23:50  Hellion  
  178  24:00  Battlecruiser, Hellion x2  
  188  24:05  Hellion  
  190  24:12  Barracks  
  190  24:13  Ghost Academy  
  190  24:17  Barracks Tech Lab  
  190  24:18  Planetary Fortress  
  190  24:22  Missile Turret  
  190  24:24  Missile Turret  
  190  24:26  Sensor Tower  
  190  24:48  Missile Turret  
  190  24:55  Ghost Academy  
  190  24:57  Personal Cloaking  
  195  25:07  Battlecruiser  
  189  25:56  Battlecruiser  
  195  26:06  Planetary Fortress  
  195  26:10  Ghost  
  197  26:13  Nuke  
  197  26:23  Nuke  
  197  26:28  Refinery  
  197  26:30  Barracks Tech Lab  
  197  26:50  Refinery  
  195  26:54  Missile Turret  
Tags
 
Add a new tag
Caveats
  • Supply blocks, unpowered buildings, or Contaminate may cause inaccurate times.
  • Supply counts are checked every 10 seconds.